 Dungeon Crawl Stone Soup version 0.19.0-22-gd96e5fe (webtiles) character file.

175 vev the Ruffian (level 5, -10/28 HPs)
             Began as a Vine Stalker Chaos Knight on Nov 19, 2016.
             Mangled by a spatial vortex (13 damage)
             ... summoned by the capriciousness of Xom
             ... on level 4 of the Dungeon.
             The game lasted 00:05:31 (628 turns).

vev the Ruffian (Vine Stalker Chaos Knight)          Turns: 628, Time: 00:05:32

Health: -10/28     AC:  5    Str: 15    XL:     5   Next: 55%
Magic:  0/6        EV: 12    Int: 12    God:    Xom [*.....]
Gold:   18         SH:  0    Dex: 14    Spells: 0 memorised, 4 levels left

rFire  . . .     SeeInvis .       - Unarmed
rCold  . . .     Gourm    .     a - +2 leather armour
rNeg   . . .     Faith    .     (no shield)
rPois  .         Spirit   +     (no helmet)
rElec  .         Reflect  .     (no cloak)
rCorr  .         Harm     .     (no gloves)
MR     .....                    (no boots)
Stlth  ++........               (no amulet)
                                (no ring)
                                (no ring)

@: no status effects
A: fangs 2, regeneration 1, magic shield, antimagic bite, no device heal 3, rot
immunity
a: Renounce Religion


You were on level 4 of the Dungeon.
You worshipped Xom.
You were a special plaything of Xom.
You were not hungry.

You visited 2 branches of the dungeon, and saw 5 of its levels.

You collected 18 gold pieces.

Inventory:

Armour
 a - a +2 leather armour (worn)
 c - a +0 scale mail
Comestibles
 b - a bread ration
 d - 6 chunks of flesh


   Skills:
 + Level 3.3 Fighting
 - Level 1.5 Armour
 + Level 2.0 Dodging
 + Level 1.6 Stealth
 * Level 4.7 Unarmed Combat


You had 4 spell levels left.
You didn't know any spells.

Dungeon Overview and Level Annotations

Branches:
Dungeon (4/15)             Temple (1/1) D:4

Altars:

Annotations:
D:2 Robin


Innate Abilities, Weirdness & Mutations

You have extremely sharp teeth.
Your natural rate of healing is unusually fast.
When hurt, damage is shared between your health and your magic reserves.
Your bite disrupts and absorbs the magic of your enemies.
Potions and wands cannot restore your health.
You are immune to rotting.


Message History

* * * LOW HITPOINT WARNING * * *
You aren't carrying any spellbooks or scrolls.
You aren't carrying any potions.
The orc shouts!
You closely miss the orc priest.
The orc priest shouts!
You bite the orc priest. You drain its power.
You feel invigorated.
The orc priest is moderately wounded.
The orc priest misses you.
You hit the orc priest. You punch the orc priest.
The orc priest is almost dead.
The spatial vortex barely misses you.
The orc priest looks braver for a moment.
The orc priest misses you.
You hit the orc priest but do no damage.
The orc priest is almost dead.
The spatial vortex hits you!
* * * LOW MAGIC WARNING * * *
You die...
Xom chortles!

.............##.#
.........(...##.#
....#......####.#
..#.#......# #§#
.## #......# #§#
#§# #§# #v# #@#
#o# .o§ .#o##
#.#.. # ##. . ##


You could see a spatial vortex, 2 orc priests and an orc.

Vanquished Creatures
  An ogre (D:4)
  Terence (D:4)
  Jessica (D:3)
  An adder (D:2)
  An ooze (D:3)
  An orc (D:4)
  A giant cockroach (D:2)
  8 goblins
  3 hobgoblins (D:2)
  2 jackals (D:4)
  3 kobolds
  A bat (D:2)
  A frilled lizard (D:3)
  A leopard gecko skeleton (D:4)
  2 rats (D:2)
28 creatures vanquished.

Vanquished Creatures (collateral kills)
  A leopard gecko (D:4)
1 creature vanquished.

Grand Total: 29 creatures vanquished

Notes
Turn   | Place    | Note
-------+----------+-------------------------------------------
     0 | D:1      | vev the Vine Stalker Chaos Knight began the quest for the Orb.
     0 | D:1      | Reached XP level 1. HP: 11/11 MP: 2/2
    61 | D:3      | Noticed Jessica
    66 | D:3      | Killed Jessica
    66 | D:3      | Reached skill level 1 in Dodging
    66 | D:3      | Reached XP level 2. HP: 12/16 MP: 3/3
    66 | D:3      | Reached XP level 3. HP: 15/19 MP: 4/4
   132 | D:3      | XOM: harmless Summ miscast
   208 | D:2      | XOM: torment (6/19 hp)
   245 | D:2      | Reached skill level 3 in Fighting
   307 | D:2      | XOM: harmless Erth miscast
   323 | D:2      | Noticed Robin
   332 | D:2      | XOM: smoke on damage
   346 | D:2      | HP: 1/20 [Robin/short sword (3)]
   358 | D:2      | Reached skill level 4 in Unarmed Combat
   360 | D:2      | XOM: noise
   360 | D:2      | HP: 1/20 [goblin/dagger[Robin] (1)]
   389 | D:3      | HP: 2/20 [frilled lizard (1)]
   400 | D:3      | Noticed Terence
   407 | D:3      | XOM: harmless Summ miscast
   408 | D:3      | HP: 2/20 [ooze (1)]
   410 | D:3      | Gained mutation: Your natural rate of healing is unusually fast. [Vine Stalker growth]
   410 | D:3      | Reached XP level 4. HP: 2/24 MP: 2/5
   459 | D:3      | XOM: enchant monster (good)
   496 | D:4      | XOM: smoke on damage
   500 | D:4      | Killed Terence
   512 | D:4      | Noticed an ogre
   520 | D:4      | XOM: cast spell 'Leda's Liquefaction'
   524 | D:4      | HP: 1/24 [ogre/giant club (17)]
   526 | D:4      | Killed an ogre
   526 | D:4      | Reached skill level 2 in Dodging
   526 | D:4      | Reached skill level 1 in Stealth
   526 | D:4      | Reached XP level 5. HP: 2/28 MP: 0/6
   567 | D:4      | Found a staircase to the Ecumenical Temple.
   593 | Temple   | Entered the Ecumenical Temple
   622 | D:4      | XOM: mild Tloc miscast
   623 | D:4      | Noticed a spatial vortex
   623 | D:4      | XOM: smoke on damage
   623 | D:4      | HP: 1/28 [spatial vortex[the capriciousness of Xom] (3)]
   628 | D:4      | Mangled by a spatial vortex

Skill      XL: |  1  2  3  4 |
---------------+-------------+-----
Dodging        | 1 2 |  2.0
Fighting       | 3 |  3.3
Unarmed Combat | 4 |  4.7
Stealth        | 1 |  1.6
Armour         | |  1.5

Action                   |  1- 3 |  4- 6 || total
-------------------------+-------+-------++-------
Melee: Unarmed           |    74 |    47 ||   121
       Bite              |    21 |    13 ||    34
       Punch             |       |     2 ||     2
 Stab: Distracted        |       |     1 ||     1
Armor: Leather armour    |    23 |     7 ||    30
Dodge: Dodged            |    43 |    21 ||    64
